 Dungeon Crawl Stone Soup version 0.29.1-1-gd02db6906a (webtiles) character file.

Game seed: 2717226796870061969

7179 H0rd4k the Thaumaturge (level 11, -6/69 HPs)
             Began as an Octopode Transmuter on Oct 17, 2022.
             Was an Initiate of Gozag.
             Mangled by a gnoll sergeant
             ... wielding a +3 spear of freezing
              (7 damage)
             ... on level 10 of the Dungeon.
             The game lasted 00:23:32 (16228 turns).

H0rd4k the Thaumaturge (Octopode Transmuter)       Turns: 16228, Time: 00:23:33

Health: -6/69      AC:  2    Str:  9    XL:     11   Next: 11%
Magic:  32/33      EV: 26    Int: 26    God:    Gozag
Gold:   1845       SH:  0    Dex: 24    Spells: 16/28 levels left

rFire   + . .      SeeInvis .     - Unarmed
rCold   x . .      Faith    .   (shield currently unavailable)
rNeg    . . .      Spirit   .   (helmet currently unavailable)
rPois   .          Reflect  .   (no amulet)
rElec   .          Harm     .   o - +6 ring of dexterity
rCorr   .          Rampage  .   h - +4 ring of evasion
Will    .....                   u - ring of fire
Stlth   ++++......              x - +6 ring of intelligence
HPRegen 0.21/turn               A - ring of poison resistance
MPRegen 0.23/turn               C - ring of magical power
                                E - ring of wizardry
                                (no ring)

@: spider-form, gold aura
A: venomous fangs, almost no armour, (amphibious), 8 rings, tiny, (camouflage
1), (gelatinous body 1), (nimble swimmer 1), (tentacles)
a: End Transformation, Renounce Religion, Potion Petition, Call Merchant, Bribe
Branch


You were on level 10 of the Dungeon.
You worshipped Gozag.
Gozag was most pleased with you.
You were a venomous arachnid creature.
You visited 2 branches of the dungeon, and saw 11 of its levels.

You collected 1966 gold pieces.
You paid 121 gold pieces to Gozag.

Inventory:

Hand Weapons
 n - a +0 dagger of venom
Missiles
 t - 31 poisoned darts (quivered)
 M - a throwing net
Magical Staves
 r - a staff of earth
Jewellery
 h - a +4 ring of evasion (right front leg)
 l - an amulet of faith
 o - a +6 ring of dexterity (left front leg)
 u - a ring of fire (on tentacle)
 x - a +6 ring of intelligence (on tentacle)
 A - a ring of poison resistance (on tentacle)
 C - a ring of magical power (on tentacle)
 E - a ring of wizardry (on tentacle)
Wands
 q - a wand of paralysis (9)
 z - a wand of acid (7)
 L - a wand of polymorph (5)
Scrolls
 b - a scroll of butterflies {unknown}
 c - 3 scrolls of enchant weapon
 f - a scroll of summoning {unknown}
 j - 2 scrolls of blinking
 v - 4 scrolls of immolation
 w - 2 scrolls of poison
 y - 2 scrolls of amnesia
 B - 4 scrolls of teleportation {unknown}
 D - 2 scrolls of vulnerability {unknown}
 F - 4 scrolls of magic mapping
 I - a scroll of noise {unknown}
 J - a scroll of fear {unknown}
Potions
 a - 2 potions of lignification
 d - 2 potions of brilliance
 e - a potion of magic {unknown}
 g - 3 potions of might
 i - 3 potions of flight {unknown}
 k - 3 potions of curing {unknown}
 m - 4 potions of heal wounds
 p - 5 potions of attraction {unknown}
 s - 2 potions of haste {unknown}
 G - a potion of degeneration {unknown}
 H - a potion of mutation {unknown}
 K - a potion of cancellation {unknown}


   Skills:
 + Level 4.0 Fighting
 + Level 0.2 Throwing
 - Level 3.5 Dodging
 - Level 6.3 Stealth
 - Level 7.1 Unarmed Combat
 * Level 9.1 Spellcasting
 + Level 0.7 Conjurations
 + Level 7.3 Transmutations
 + Level 7.6 Poison Magic
 + Level 2.6 Evocations


You had 16 spell levels left.
You knew the following spells:

 Your Spells              Type           Power      Damage    Failure   Level
a - Beastly Appendage     Tmut           100%       N/A       1%          1
b - Spider Form           Tmut/Pois      50%        N/A       1%          3
c - Mephitic Cloud        Conj/Pois/Air  26%        N/A       6%          3
d - Alistair's Intoxicat  Tmut/Pois      33%        N/A       7%          5

Your spell library contained the following spells:

 Spells                   Type           Power      Damage    Failure   Level
 Wereblood                Tmut           50%        N/A       1%          2
 Ice Form                 Ice/Tmut       31%        N/A       11%         4
 Call Canine Familiar     Summ           11%        N/A       14%         3
 Portal Projectile        Hex/Tloc       22%        N/A       14%         3
 Irradiate                Conj/Tmut      16%        3d17      21%         5
 Eringya's Noxious Bog    Tmut/Pois      25%        N/A       26%         6
 Leda's Liquefaction      Hex/Erth       5%         N/A       34%         4


Dungeon Overview and Level Annotations

Branches:
Dungeon (10/15)            Temple (1/1) D:6            Lair (0/5) D:8
    Orc: D:9-12

Altars:
Ashenzari
Cheibriados
Elyvilon
Fedhas
Gozag
Hepliaklqana
Kikubaaqudgha
Makhleb
Nemelex Xobeh
Okawaru
Ru
Sif Muna
Trog
Vehumet
Wu Jian
Xom
Yredelemnul
Zin
The Shining One

Shops:
D:2 (*[[   D:9 (

Annotations:
D:6 exclusion: upstairs
D:7 2 transporters, Joseph
D:8 exclusions: acid dragon, downstairs and 1 more exclusion, Maggie
D:9 exclusions: downstairs, vampire and 1 more exclusion
D:10 Erica, Fannar


Innate Abilities, Weirdness & Mutations

You are a venomous arachnid creature.
You have poisonous fangs.
You are tiny and dextrous.
Your spellcasting is less reliable in this form.
Your armour is entirely melded.
You are incapable of wielding weapons or throwing items.
You cannot wear most types of armour.
((You are amphibious.))
You can wear up to eight rings at the same time.
((Your skin changes colour to match your surroundings (Stealth+).))
((Your rubbery body absorbs attacks. (AC +1, EV +1)))
((You are camouflaged when in or above water. (Stealth+)))
((You have tentacles for arms and can constrict up to eight enemies at once.))


Message History

You bite the gnoll!
You kill the gnoll!
The gnoll closely misses you. The gnoll sergeant barely misses you.
Things that are here:
6 gold pieces; a +0 club You hit the gnoll but do no damage.
The gnoll is poisoned.
The gnoll completely misses you.
The gnoll sergeant completely misses you.
You hit the gnoll.
The gnoll looks as sick as possible!
The gnoll is heavily wounded.
The gnoll completely misses you.
The gnoll sergeant completely misses you.
You barely miss the gnoll.
The gnoll is heavily wounded.
The gnoll misses you.
The gnoll sergeant hits you from afar with a +3 spear of freezing!
The gnoll sergeant freezes you!
You bite the gnoll!
You kill the gnoll!
The gnoll sergeant hits you from afar with a +3 spear of freezing!
The gnoll sergeant freezes you.
The gnoll sergeant hits you with a +3 spear of freezing!
* * * LOW HITPOINT WARNING * * *
The gnoll sergeant freezes you.
* * * LOW HITPOINT WARNING * * *
Things that are here:
9 gold pieces; a +0 spear You hit the gnoll sergeant.
The gnoll sergeant is moderately wounded.
The gnoll sergeant misses you.
You hit the gnoll sergeant.
The gnoll sergeant is poisoned.
The gnoll sergeant is moderately wounded.
The gnoll sergeant barely misses you.
You bite the gnoll sergeant!
The gnoll sergeant is severely wounded.
The gnoll sergeant hits you with a +3 spear of freezing!
* * * LOW HITPOINT WARNING * * *
The gnoll sergeant freezes you!
You die...
Your body crumbles into a pile of gold.

#.# ##
#.# #.#
###.#
#...#
#.### #.#
#$# #s#
#g# .g.
#....
#.....
#......
#.......
##.######


You could see a gnoll sergeant (very poisoned) and a gnoll.

Vanquished Creatures
  2 two-headed ogres
  Sonja (D:10)
  2 trolls (D:10)
  A polar bear (D:10)
  A wyvern (D:8)
  7 yaks
  A steam dragon (D:8)
  A water moccasin (D:8)
  Duvessa (D:7)
  3 ice beasts
  2 black bears (D:8)
  3 orc warriors (D:9)
  An ogre (D:7)
  2 centaurs
  2 kobold brigands
  2 phantoms
  A bullfrog (D:8)
  4 necrophages
  3 gnoll sergeants
  8 wights
  Dowan (D:7)
  2 howler monkeys (D:9)
  A gnoll bouda (D:7)
  3 orc priests
  2 hounds
  2 jellies
  5 iguanas
  2 orc wizards
  Natasha (thrice) (D:2)
  Robin (D:3)
  28 gnolls
  6 adders
  A shadow imp (D:8)
  A white imp (D:7)
  2 ufetubi
  4 worms
  55 orcs
  7 ball pythons
  8 endoplasms
  4 giant cockroaches
  37 goblins
  24 hobgoblins
  5 quokkas
  4 bats
  6 frilled lizards
  25 kobolds
  6 rats
293 creatures vanquished.

Notes
Turn   | Place    | Note
-------+----------+-------------------------------------------
     0 | D:1      | H0rd4k the Octopode Transmuter began the quest for the Orb.
     0 | D:1      | Reached XP level 1. HP: 13/13 MP: 3/3
   573 | D:1      | Reached XP level 2. HP: 18/18 MP: 5/5
   710 | D:1      | Got the Volume of Sculpting and the Barrage
  1448 | D:1      | Reached XP level 3. HP: 18/23 MP: 6/6
  1652 | D:1      | Reached skill level 1 in Stealth
  1978 | D:2      | Found Huecs's Armour Boutique.
  2180 | D:2      | Noticed Natasha
  2186 | D:2      | Killed Natasha
  2187 | D:2      | Reached XP level 4. HP: 17/28 MP: 5/7
  2326 | D:2      | Found Ewuokk's General Store.
  2490 | D:2      | Found a faded altar of an unknown god.
  2531 | D:2      | Found Gebybla's Weapon Boutique.
  2714 | D:2      | Found Goonuogay's Armour Boutique.
  2853 | D:2      | Noticed Natasha
  2861 | D:2      | Killed Natasha
  3282 | D:2      | Noticed Natasha
  3291 | D:2      | Killed Natasha
  3292 | D:2      | Reached XP level 5. HP: 2/33 MP: 6/8
  3646 | D:3      | Noticed Robin
  3653 | D:3      | Killed Robin
  4436 | D:3      | Found a sacrificial altar of Ru.
  4681 | D:3      | Found a glowing golden altar of the Shining One.
  4895 | D:4      | Found a broken altar of Ashenzari.
  5590 | D:4      | Reached skill level 5 in Unarmed Combat
  5590 | D:4      | Reached XP level 6. HP: 30/39 MP: 7/9
  5842 | D:4      | Found an ancient bone altar of Kikubaaqudgha.
  5992 | D:4      | Learned a level 3 spell: Spider Form
  6235 | D:5      | Entered Level 5 of the Dungeon
  6248 | D:5      | Reached XP level 7. HP: 42/44 MP: 10/10
  6353 | D:5      | Reached skill level 3 in Spellcasting
  6376 | D:5      | Found an ornate altar of the Wu Jian Council.
  6420 | D:5      | Found an iron altar of Okawaru.
  6495 | D:6      | Reached skill level 1 in Poison Magic
  6502 | D:6      | Learned a level 3 spell: Mephitic Cloud
  6692 | D:6      | Found a staircase to the Ecumenical Temple.
  6716 | D:6      | Reached skill level 5 in Stealth
  6742 | D:6      | Reached XP level 8. HP: 29/48 MP: 13/13
  6744 | Temple   | Entered the Ecumenical Temple
  6970 | Temple   | Became a worshipper of Gozag Ym Sagoz the Greedy
  7038 | D:6      | Found a snail-covered altar of Cheibriados.
  7687 | D:7      | Noticed Dowan
  7891 | D:7      | Found a sparkling altar of Nemelex Xobeh.
  8381 | D:7      | Noticed Duvessa
  8457 | D:7      | Found a transporter.
  8460 | D:7      | Found a transporter.
  8500 | D:7      | Killed Duvessa
  8586 | D:7      | Killed Dowan
  8587 | D:7      | Reached skill level 4 in Spellcasting
  9443 | D:7      | Reached XP level 9. HP: 54/54 MP: 15/15
  9464 | D:7      | Found a blossoming altar of Fedhas.
  9953 | D:8      | Reached skill level 5 in Spellcasting
 10056 | D:8      | Noticed Maggie
 10068 | D:8      | Found a staircase to the Lair.
 10330 | D:7      | Reached skill level 5 in Poison Magic
 10440 | D:7      | Noticed Joseph
 10732 | D:8      | Reached skill level 5 in Transmutations
 10838 | D:8      | Reached skill level 6 in Spellcasting
 11296 | D:9      | Noticed a two-headed ogre
 11296 | D:9      | Found Xujipsio's Weapon Shop.
 11565 | D:9      | Reached skill level 7 in Spellcasting
 11565 | D:9      | Reached XP level 10. HP: 46/62 MP: 20/20
 11798 | D:9      | Found a glowing silver altar of Zin.
 12091 | D:10     | Entered Level 10 of the Dungeon
 12091 | D:10     | Noticed Sonja
 12643 | D:9      | Killed a two-headed ogre
 12644 | D:9      | Reached skill level 1 in Evocations
 12972 | D:10     | Reached skill level 8 in Spellcasting
 13116 | D:10     | Noticed Fannar
 15371 | D:4      | Learned a level 5 spell: Alistair's Intoxication
 15749 | D:10     | Found a bloodstained altar of Trog.
 15749 | D:10     | Noticed a two-headed ogre
 15792 | D:10     | Killed a two-headed ogre
 15903 | D:10     | Killed Sonja
 15904 | D:10     | Reached skill level 9 in Spellcasting
 15904 | D:10     | Reached XP level 11. HP: 62/68 MP: 24/24
 16031 | D:10     | Noticed Erica
 16228 | D:10     | HP: 1/69 [gnoll sergeant/+3 spear of freezing (16)]
 16228 | D:10     | Mangled by a gnoll sergeant

Illustrated notes

Levels and vault maps discovered:
D:1:      kilobyte_arrival_exit_the_forest, layout_basic
D:2:      layout_loops_ring, ebering_ecumenical_altar_rust, serial_shops,
          nicolae_shop_stone, nicolae_shop_bloodbath_and_beyond, shop,
          nicolae_shop_advertising_works [nicolae_subvault_shop_adworks],
          uniq_natasha
D:3:      layout_basic, mainiacjoe_overflow_brackets, tso_altar,
          serial_bayou_pond_e, amcnicky_mini_corridor_feature,
          minmay_misc_feat_four_crosses, uniq_robin
D:4:      minmay_goblin_kobold_castle, layout_basic,
          mainiacjoe_overflow_surrounded_room, ashenzari_altar_1,
          grunt_ministairs_2, hangedman_abyss_or_decor_passed
D:5:      layout_cave_pools, old_standard_altar, lemuel_tele_altar,
          kennysheep_path_1
D:6:      layout_basic, slow_altar_1, minmay_temple_entry_tees,
          nicolae_concentric_dashed_squares_mild, lightli_orcish_oven
D:7:      gammafunk_beogh_shrine, layout_basic, marbit_many_paths,
          nicolae_overflow_hidden_temple, chequers_serial_rivers_large_a,
          uniq_joseph, uniq_duvessa
D:8:      layout_basic, david_lair_generic, minivault_21, uniq_maggie
D:9:      layout_roguey [special_room_orc], mainiacjoe_overflow_boulevard,
          serial_glass, glass_columns_c, glass_columns_a, glass_columns_a,
          glass_columns_c, glass_columns_a, feat_on_display,
          due_unseen_surprise, serial_shops, shop, minmay_misc_feat_cross
D:10:     layout_roguey, trog_ov_bears_minmay, uniq_sonja, uniq_fannar,
          uniq_erica, uniq_snorg
Temple:   minmay_temple_curvy_loop

Skill      XL: |  1  2  3  4  5  6  7  8  9 10 11 |
---------------+----------------------------------+-----
Stealth        | 2 3 4 5 6 |  6.3
Unarmed Combat | 4 5 6 7 |  7.1
Spellcasting   | 3 4 7 9 |  9.1
Poison Magic   | 2 4 5 7 |  7.6
Transmutations | 3 4 5 7 |  7.3
Dodging        | 3 |  3.5
Fighting       | 2 3 4 |  4.0
Evocations     | 2 |  2.6
Throwing       | |  0.2
Conjurations   | |  0.7

Action                   |  1- 3 |  4- 6 |  7- 9 | 10-12 || total
-------------------------+-------+-------+-------+-------++-------
Melee: Unarmed           |    76 |   142 |   293 |   302 ||   813
       Constrict         |    20 |    29 |    24 |    46 ||   119
       Tentacles         |    15 |    21 |    26 |    39 ||   101
       Punch             |     4 |     7 |     7 |     7 ||    25
       Kick              |       |    28 |    34 |    20 ||    82
Throw: Dart              |       |       |     1 |       ||     1
 Cast: Beastly Appendage |     1 |    14 |    12 |     3 ||    30
       Spider Form       |       |       |    21 |    20 ||    41
       Mephitic Cloud    |       |       |     2 |       ||     2
Evoke: Wand              |       |     2 |     6 |    18 ||    26
  Use: Scroll            |       |       |     6 |     3 ||     9
 Stab: Sleeping          |     9 |    15 |     8 |     8 ||    40
       Paralysed         |       |       |     4 |     5 ||     9
       Distracted        |       |       |     2 |       ||     2
Armor: Skin              |     6 |     6 |     5 |     5 ||    22
Dodge: Dodged            |    45 |    97 |   238 |   259 ||   639
